 Dungeon Crawl Stone Soup version 0.20-a0-345-gbfb25ec (webtiles) character file.

583 GlaceonGamingDJ the Ducker (level 7, -7/66 (68) HPs)
             Began as a Troll Berserker on Dec 22, 2016.
             Was a Priest of Trog.
             Mangled by a wight
             ... wielding a +0 great sword
              (8 damage)
             ... on level 7 of the Dungeon.
             The game lasted 00:21:01 (3006 turns).

GlaceonGamingDJ the Ducker (Troll Berserker)        Turns: 3006, Time: 00:21:02

HP:   -7/66 (68)    AC:  5    Str: 28    XL:     7   Next: 14%
MP:   6/6           EV: 11    Int:  3    God:    Trog [***...]
Gold: 112           SH:  0    Dex:  9    Spells: 6/6 levels left

rFire  . . .     SeeInvis .     a - +0 short sword
rCold  . . .     Gourm    +     b - +0 animal skin
rNeg   . . .     Faith    .     (no shield)
rPois  .         Spirit   .     (helmet restricted)
rElec  .         Reflect  .     (no cloak)
rCorr  .         Harm     .     (gloves unavailable)
MR     .....                    (boots unavailable)
Stlth  +.........               (no amulet)
                                (no ring)
                                (no ring)

@: exhausted, slowed, drained, very slow
A: unfitting armour, claws 3, fast metabolism 3, gourmand, regeneration 1,
shaggy fur 1, tough skin 2
a: Berserk, Trog's Hand, Burn Spellbooks, Renounce Religion


You were on level 7 of the Dungeon.
You worshipped Trog.
Trog was most pleased with you.
You were not hungry.

You visited 1 branch of the dungeon, and saw 5 of its levels.

You collected 112 gold pieces.

Inventory:

Hand Weapons
 a - a +0 short sword (weapon)
Armour
 b - a +0 animal skin (worn)
Jewellery
 f - an uncursed amulet of regeneration {unknown}
 g - a cursed ring of loudness {unknown}
 m - a +2 ring of strength {unknown}
Wands
 j - a wand of paralysis (11/24)
Scrolls
 e - a scroll of remove curse
 l - a scroll of identify
 o - a scroll of amnesia {unknown}
Potions
 k - a potion of might
 n - a potion of brilliance
 p - a potion of curing
Comestibles
 c - 5 bread rations
 d - 2 meat rations
 h - a slice of pizza
 i - 3 fruits


   Skills:
 + Level 3.9(3.5) Fighting
 + Level 4.4(4.0) Short Blades
 + Level 4.6(4.3) Dodging
 + Level 0.4(0.0) Stealth


You had 6 spell levels left.
You didn't know any spells.

Dungeon Overview and Level Annotations

Branches:
Dungeon (4/15)
 Temple: D:4-7

Altars:
Dithmenos
Gozag

Portals:
Bailey: D:7


Innate Abilities, Weirdness & Mutations

You are too large for most types of armour.
You have claws for hands.
Your metabolism is lightning-fast.
You like to eat raw meat.
Your natural rate of healing is unusually fast.
You are covered in fur. (AC +1)
You have very tough skin. (AC +2)


Message History

You hit the ogre.
The ogre is severely wounded.
The ogre hits you but does no damage. The orc barely misses you.
The crimson imp blinks!
You puncture the ogre!
You kill the ogre!
Trog accepts your kill.
Your life force feels restored.
You have reached level 7!
The orc closely misses you. The orc hits you but does no damage.
You hit the wight but do no damage. The wight closely misses you.
The orc barely misses you.
You closely miss the wight. The wight hits you with a great sword!
* * * LOW HITPOINT WARNING * * *
You feel drained.
* * * LOW HITPOINT WARNING * * *
The orc hits you but does no damage.
You closely miss the wight. The orc hits you but does no damage.
The wight hits you with a great sword!
You die...

#.## # #.. . ##.#### #
#.....# # # #.....####
... ##.._......
.....#########..........
.)....z@ongO............
)∩)...##########.#######
.)..# #.# # ... #.. # #
#### # # # # .


You could see an ogre, a necrophage, a wight, a gnoll and an orc.

Vanquished Creatures
  2 ogres
  2 wights (D:7)
  2 orc priests (D:3)
  A hound (D:7)
  Crazy Yiuf (D:3)
  Natasha (thrice) (D:3)
  Robin (D:2)
  2 gnolls (D:7)
  2 adders
  An ooze (D:3)
  5 dart slugs
  8 orcs (D:3)
  A ball python (D:1)
  10 goblins
  11 hobgoblins
  12 jackals
  8 bats
  4 frilled lizards
  5 kobolds
  A quokka zombie (D:7)
  8 rats
90 creatures vanquished.

Notes
Turn   | Place    | Note
-------+----------+-------------------------------------------
     0 | D:1      | GlaceonGamingDJ the Troll Berserker began the quest for the Orb.
     0 | D:1      | Reached XP level 1. HP: 22/22 MP: 0/0
   113 | D:1      | Reached XP level 2. HP: 29/29 MP: 1/1
   429 | D:1      | Reached XP level 3. HP: 34/36 MP: 2/2
   881 | D:2      | Noticed Robin
   884 | D:2      | Reached ** piety under Trog
   893 | D:2      | Killed Robin
  1122 | D:2      | Reached XP level 4. HP: 37/44 MP: 3/3
  1797 | D:3      | Found a runed door.
  1801 | D:3      | Noticed Crazy Yiuf
  1811 | D:3      | Killed Crazy Yiuf
  1963 | D:3      | Noticed Natasha
  1976 | D:3      | Killed Natasha
  1976 | D:3      | Reached XP level 5. HP: 49/53 MP: 4/4
  2003 | D:3      | Noticed Natasha
  2017 | D:3      | Reached *** piety under Trog
  2024 | D:3      | Found an opulent altar of Gozag.
  2037 | D:3      | Killed Natasha
  2208 | D:3      | Noticed Natasha
  2218 | D:3      | Killed Natasha
  2300 | D:3      | Reached XP level 6. HP: 61/61 MP: 5/5
  2787 | D:4      | You fall through a shaft for 3 floors!
  2957 | D:7      | Found a shadowy altar of Dithmenos.
  2973 | D:7      | Found a flagged portal.
  3003 | D:7      | Reached XP level 7. HP: 19/66 MP: 6/6
  3005 | D:7      | HP: 1/66 [wight/great sword (7)]
  3006 | D:7      | Mangled by a wight

Vault maps used:
D:1:      lemuel_arrival_funnel, minmay_tromino_v4_a
D:2:      first_bread, minmay_misc_feat_x, uniq_robin
D:3:      grunt_gozag_breadcrumbs, uniq_natasha, uniq_crazy_yiuf_cottage
D:4:      led_xom_imps
D:7:      minmay_blocky_corners, basic_altar, enter_bailey_2

Skill      XL: |  1  2  3  4  5 |
---------------+----------------+-----
Short Blades   | 3 4 |  4.4
Dodging        | 3 4 |  4.6
Fighting       | 3 |  3.9
Stealth        | |  0.4

Action                   |  1- 3 |  4- 6 |  7- 9 || total
-------------------------+-------+-------+-------++-------
Melee: Short sword       |   172 |   214 |     3 ||   389
Invok: Berserk           |     1 |     8 |       ||     9
  Use: Potion            |     3 |     5 |       ||     8
       Scroll            |     4 |     5 |       ||     9
  Eat: Chunk             |    16 |    21 |       ||    37
Armor: Animal skin       |    69 |    72 |     1 ||   142
Dodge: Dodged            |   116 |   176 |     3 ||   295
